 Dungeon Crawl Stone Soup version 0.25-a0-435-g4b9beb1024 (webtiles) character file.

Game seed: 3993760534991558847, levelgen mode: deterministic

5430 MrRokkomies the Quickloader (level 10, -3/65 HPs)
             Began as a Kobold Hunter on Jan 29, 2020.
             Was a Priest of Fedhas.
             Splashed by a jelly's acid (9 damage)
             ... on level 9 of the Dungeon.
             The game lasted 00:28:58 (10636 turns).

MrRokkomies the Quickloader (Kobold Hunter)        Turns: 10636, Time: 00:28:59

Health: -3/65      AC: -5    Str: 15    XL:     10   Next: 99%
Magic:  17/17      EV: 17    Int: 13    God:    Fedhas [***...]
Gold:   1374       SH:  0    Dex: 21    Spells: 9/9 levels left

rFire    + . .     SeeInvis .   a - +1 dagger of the Turnip {vorpal, -Tele Str+4 Dex+4}
rCold    + . .     Gourm    .   (shield restricted)
rNeg     + . .     Faith    .   s - +2 scale mail {rC+}
rPois    .         Spirit   .   u - +0 helmet
rElec    .         Reflect  .   (no cloak)
rCorr    .         Harm     .   r - +1 pair of gloves
MR       .....     NoTele   +   (no boots)
Stlth    +.........             (no amulet)
HPRegen  0.20/turn              F - ring of protection from fire
MPRegen  0.15/turn              v - ring of positive energy

@: corroded
A: small, carnivore
a: Wall of Briars, Grow Ballistomycete, Renounce Religion


You were on level 9 of the Dungeon.
You worshipped Fedhas.
Fedhas was most pleased with you.
You were not hungry.

You visited 1 branch of the dungeon, and saw 9 of its levels.

You collected 1374 gold pieces.

Inventory:

Hand Weapons
 a - the +1 dagger of the Turnip (weapon) {vorpal, -Tele Str+4 Dex+4}
   (You found it on level 5 of the Dungeon)

   It inflicts extra damage upon your enemies.
   It affects your strength (+4).
   It affects your dexterity (+4).
   It prevents most forms of teleportation.
 b - a +2 hand crossbow
 x - a +0 short sword
Missiles
 d - 7 bolts
 q - 34 poisoned darts (quivered)
 E - 3 throwing nets
Armour
 r - a +1 pair of gloves (worn)
 s - a +2 scale mail of cold resistance (worn)
 u - a +0 helmet (worn)
Jewellery
 m - an uncursed ring of wizardry
 v - a ring of positive energy (right hand)
 F - a ring of protection from fire (left hand)
 H - an uncursed ring of protection from magic {unknown}
Wands
 g - a wand of polymorph (5)
 i - a wand of flame (14)
 G - a wand of acid (7)
Scrolls
 j - 2 scrolls of enchant weapon
 o - 6 scrolls of teleportation
 w - 2 scrolls of remove curse
 y - a scroll of amnesia
 z - 5 scrolls of identify
Potions
 c - a potion of haste
 e - a potion of heal wounds
 h - 4 potions of curing
 k - 4 potions of brilliance
 l - 3 potions of mutation
 n - a potion of berserk rage
 p - 2 potions of agility
 t - a potion of flight
 A - a potion of resistance
 D - a potion of might {unknown}
Comestibles
 f - 15 rations


   Skills:
 * Level 8.5 Fighting
 - Level 3.2 Short Blades
 - Level 10.0 Crossbows
 + Level 7.9 Dodging
 - Level 1.3 Stealth
 * Level 9.3 Invocations
 + Level 3.8 Evocations


You had 9 spell levels left.
You didn't know any spells.
Your spell library was empty.

Dungeon Overview and Level Annotations

Branches:
Dungeon (9/15)             Temple (0/1) D:7
   Lair: D:8-11         Orc: D:9-12

Altars:
Elyvilon
Fedhas
Makhleb
Qazlal
Ru
Vehumet
Wu Jian
Zin
The Shining One

Shops:
D:6 }


Innate Abilities, Weirdness & Mutations

You are small and have problems with some larger weapons.
You are carnivorous and can eat meat at any time.


Message History

The jelly misses you.
You hit the jelly.
Your hands burn!
* * * LOW HITPOINT WARNING * * *
The jelly is heavily wounded.
You hit the jelly but do no damage. The acid corrodes you!
Your hands burn!
* * * LOW HITPOINT WARNING * * *
The jelly is heavily wounded.
The jelly completely misses you.
You hit the jelly but do no damage.
Your hands burn!
* * * LOW HITPOINT WARNING * * *
The jelly is heavily wounded.
The jelly barely misses you.
You hit the jelly but do no damage.
Your hands burn!
* * * LOW HITPOINT WARNING * * *
The jelly is heavily wounded.
The jelly hits you.
* * * LOW HITPOINT WARNING * * *
You are splashed with acid!
You die...
Fedhas appreciates your contribution to the ecosystem.

#..............#
#.%
##.............#
#...
#..............#
#...#
..............#
#....%
(.............#
......
....###......##
#...... .#>.#
###...#####.......
.##.#
##....)J).......
#####
#.#...#@.......
###)..#........
#...#........
##(.##......# #(.#
#....## #(.# #...#
#(.# ...# #..#
#..# #...


You could see a jelly.

Vanquished Creatures
  Erolcha (D:9)
  A two-headed ogre (D:9)
  Pikel (D:7)
  A moth of wrath (D:8)
  Eustachio (D:5)
  4 hogs (D:7)
  A human (D:7)
  A hungry ghost (D:7)
  2 sky beasts
  A black bear (D:7)
  An orc warrior (D:7)
  2 ogres
  2 phantoms
  2 centaurs (D:7)
  A big kobold (D:8)
  A bullfrog (D:6)
  A water moccasin zombie (D:8)
  2 water moccasin skeletons
  2 scorpions
  A howler monkey (D:7)
  A bullfrog zombie (D:8)
  A crimson imp (D:8)
  A jelly (D:7)
  4 hounds
  A gnoll shaman (D:4)
  9 orc wizards
  3 iguanas (D:5)
  Ijyb (D:4)
  5 worker ants
  A hound zombie (D:8)
  2 hound skeletons (D:4)
  A worker ant zombie (D:8)
  3 gnolls (D:4)
  6 adders
  A shadow imp (D:5)
  An ooze (D:6)
  2 adder zombies
  4 worms
  2 adder skeletons
  3 dart slugs
  4 leopard geckos
  29 orcs
  A ball python (D:3)
  3 giant cockroaches
  3 goblins
  7 hobgoblins
  15 jackals
  3 quokkas
  A ball python zombie (D:5)
  9 bats
  12 frilled lizards
  A jackal skeleton (D:8)
  14 kobolds
  A leopard gecko zombie (D:8)
  9 rats
193 creatures vanquished.

Vanquished Creatures (others)
  A crimson imp (D:5)
  An adder (D:7)
2 creatures vanquished.

Grand Total: 195 creatures vanquished

Notes
Turn   | Place    | Note
-------+----------+-------------------------------------------
     0 | D:1      | MrRokkomies the Kobold Hunter began the quest for the Orb.
     0 | D:1      | Reached XP level 1. HP: 12/12 MP: 1/1
    65 | D:1      | Reached skill level 5 in Crossbows
    65 | D:1      | Reached XP level 2. HP: 11/18 MP: 2/2
   363 | D:1      | Reached skill level 1 in Short Blades
   439 | D:1      | Reached XP level 3. HP: 12/22 MP: 3/3
  1170 | D:2      | Found a faded altar of an unknown god.
  1292 | D:2      | Reached XP level 4. HP: 9/28 MP: 4/4
  1987 | D:2      | Reached XP level 5. HP: 31/32 MP: 5/5
  2539 | D:3      | Found a blossoming altar of Fedhas.
  2547 | D:3      | Found a burning altar of Makhleb.
  2570 | D:3      | Became a worshipper of Fedhas Madash
  2896 | D:4      | Reached skill level 6 in Crossbows
  2899 | D:4      | Reached skill level 1 in Invocations
  3161 | D:4      | Reached XP level 6. HP: 33/38 MP: 5/7
  3252 | D:4      | Noticed Ijyb
  3314 | D:4      | Killed Ijyb
  3401 | D:4      | Reached * piety under Fedhas
  3894 | D:4      | Reached XP level 7. HP: 24/43 MP: 8/8
  4819 | D:4      | Reached skill level 7 in Crossbows
  4938 | D:5      | Entered Level 5 of the Dungeon
  5095 | D:5      | Reached XP level 8. HP: 35/48 MP: 10/10
  5236 | D:5      | Reached ** piety under Fedhas
  5276 | D:5      | Got a brightly glowing dagger
  5277 | D:5      | Identified the cursed +1 dagger of the Turnip {vorpal,
                  | -Tele Str+4 Dex+4} (You found it on level 5 of the Dungeon)
  5456 | D:5      | Noticed Eustachio
  5494 | D:5      | Killed Eustachio
  5513 | D:5      | Reached skill level 5 in Dodging
  5983 | D:6      | Reached skill level 5 in Fighting
  5983 | D:6      | Reached skill level 8 in Crossbows
  6212 | D:6      | Found Neqailum's Gadget Boutique.
  6254 | D:6      | Reached skill level 5 in Invocations
  6571 | D:6      | Found a white marble altar of Elyvilon.
  6571 | D:6      | Found a glowing golden altar of the Shining One.
  6574 | D:6      | Found a glowing silver altar of Zin.
  6710 | D:6      | Found a radiant altar of Vehumet.
  7362 | D:7      | Reached XP level 9. HP: 42/54 MP: 13/13
  7408 | D:7      | Found a sacrificial altar of Ru.
  7599 | D:7      | Found a staircase to the Ecumenical Temple.
  7633 | D:7      | Reached skill level 9 in Crossbows
  7882 | D:7      | Noticed Pikel
  7927 | D:7      | Killed Pikel
  8030 | D:7      | Found a stormy altar of Qazlal.
  8476 | D:7      | Found an ornate altar of the Wu Jian Council.
  8606 | D:7      | Reached skill level 10 in Crossbows
  8629 | D:7      | Reached XP level 10. HP: 38/61 MP: 15/15
  8760 | D:7      | HP: 2/61 [hog (5)]
  8761 | D:7      | Reached skill level 1 in Evocations
  9152 | D:8      | Reached *** piety under Fedhas
  9866 | D:8      | Noticed Harold
  9867 | D:8      | Noticed Harold
  9867 | D:8      | Harold changed into Harold the moth of wrath
  9883 | D:8      | Killed Harold the moth of wrath
 10491 | D:9      | Identified a scroll of acquirement
 10491 | D:9      | Identified the amulet of Poerri {RegenMP -Tele Dex+4} (You
                  | acquired it on level 9 of the Dungeon)
 10513 | D:9      | Noticed a two-headed ogre
 10523 | D:9      | Killed a two-headed ogre
 10556 | D:9      | Noticed Erolcha
 10564 | D:9      | Killed Erolcha
 10636 | D:9      | Splashed by a jelly's acid

Levels and vault maps discovered:
D:1:      psy_arrival_radial01, layout_rooms
D:2:      layout_rooms, chequers_ecumenical_altar_island
D:3:      layout_basic, grunt_temple_overflow_open, first_ration
D:4:      layout_basic, uniq_ijyb
D:5:      layout_cave_pools, chequers_serial_rivers_micro_d, uniq_eustachio
D:6:      layout_basic, good_gods_temple_1, serial_shops, nicolae_shop_stone,
          vehumet_altar_wand_db
D:7:      layout_gridville, grunt_qazlal_sundering,
          nicolae_overflow_hidden_temple, temple_doors_ab, grunt_livestock,
          uniq_pikel
D:8:      layout_loops_cross, corexii_corridor_pit, uniq_harold
D:9:      layout_cave_pods, hiddenorc2_lemuel, due_unseen_surprise, uniq_erolcha

Skill      XL: |  1  2  3  4  5  6  7  8  9 10 |
---------------+-------------------------------+-----
Crossbows      | 5 6 7 8 10 | 10.0
Short Blades   | 1 2 3 |  3.2
Fighting       | 3 4 5 6 8 |  8.5
Dodging        | 3 4 5 6 7 |  7.9
Invocations    | 1 2 3 5 7 9 |  9.3
Evocations     | 3 |  3.8
Stealth        | |  1.3

Action                   |  1- 3 |  4- 6 |  7- 9 | 10-12 || total
-------------------------+-------+-------+-------+-------++-------
Melee: Short sword       |   152 |   319 |    96 |       ||   567
       Dagger            |       |       |   357 |   387 ||   744
 Fire: Hand crossbow     |     7 |    60 |   103 |     9 ||   179
Throw: Dart              |       |     4 |    22 |    26 ||    52
Evoke: Wand              |       |       |     2 |     7 ||     9
  Use: Scroll            |       |    12 |    11 |     2 ||    25
       Potion            |       |       |     2 |       ||     2
  Eat: Chunk             |       |    10 |    10 |     5 ||    25
       Ration            |       |       |     4 |     2 ||     6
Armor: Leather armour    |    10 |       |       |       ||    10
       Scale mail        |    98 |   144 |   206 |    95 ||   543
Dodge: Dodged            |   165 |   232 |   385 |   292 ||  1074

Table legend:
 A = Non-vault XP
 B = Vault XP
 C = Vault XP percentage of total XP
 D = Non-vault monster count
 E = Vault monster count
 F = Vault count percentage of total count
                 A         B        C        D         E       F
            +---------+---------+-------+---------+---------+-------
      Total |    4372 |    3386 |  43.6 |     176 |      17 |   8.8
            +---------+---------+-------+---------+---------+-------
        D:1 |      54 |       0 |   0.0 |      34 |       0 |   0.0
        D:2 |      85 |       0 |   0.0 |      20 |       0 |   0.0
        D:3 |      42 |       0 |   0.0 |      18 |       0 |   0.0
        D:4 |     601 |      36 |   5.7 |      31 |       1 |   3.1
        D:5 |     406 |     208 |  33.9 |      18 |       1 |   5.3
        D:6 |     389 |       1 |   0.3 |       8 |       1 |  11.1
        D:7 |    1020 |    1597 |  61.0 |      21 |       6 |  22.2
        D:8 |     776 |     542 |  41.1 |      24 |       1 |   4.0
        D:9 |     999 |    1002 |  50.1 |       2 |       7 |  77.8
            +---------+---------+-------+---------+---------+-------
